 Dungeon Crawl Stone Soup version 0.15.1-3-g1b33baa (webtiles) character file.

1658 Chiseanne the Vexing (level 9, -1/45 HPs)
             Began as a Kobold Enchanter on Oct 6, 2014.
             Was an Initiate of the Shining One.
             Slain by a sky beast (6 damage)
             ... on Level 6 of the Dungeon.
             The game lasted 00:28:16 (7128 turns).

Chiseanne the Vexing (Kobold Enchanter)             Turns: 7128, Time: 00:28:17

HP  -1/45        AC  7     Str  8      XL: 9   Next: 20%
MP  23/23        EV 18     Int 14      God: the Shining One [......]
Gold 411         SH  0     Dex 17      Spells:  3 memorised, 13 levels left

rFire  + . .     SeeInvis .     a - +1 short sword (elec)
rCold  . . .     Clarity  .     b - +2 robe
rNeg   . . .     rCorr    .     (no shield)
rPois  .         rRot     .     y - +2 helmet
rElec  .         Spirit   .     (no cloak)
SustAb .         Warding  .     (no gloves)
rMut   .         Stasis   .     (no boots)
Gourm  .                        (no amulet)
MR     .....                    (no ring)
                                o - ring of protection from fire

@: not resistant to hostile enchantments, fairly stealthy
A: carnivore 3
a: Renounce Religion


You were on level 6 of the Dungeon.
You worshipped the Shining One.
The Shining One was noncommittal.
You were very full.

You visited 1 branch of the dungeon, and saw 6 of its levels.

You collected 411 gold pieces.

Inventory:

Hand weapons
 a - a +1 short sword of electrocution (weapon)
 v - a cursed -2 dagger
 z - a +0 dagger of freezing
Missiles
 h - 14 tomahawks (quivered)
Armour
 b - a +2 robe (worn)
 y - a +2 helmet (worn)
Magical devices
 s - a wand of paralysis (11)
Comestibles
 d - 5 meat rations
 g - 6 rotting chunks of centaur flesh
 r - 2 slices of pizza
 B - a beef jerky
Scrolls
 f - a scroll of immolation
 i - a scroll of remove curse
 k - 2 scrolls of blinking
 q - 3 scrolls of teleportation
 u - a scroll of fear
Jewellery
 o - a ring of protection from fire (left hand)
Potions
 j - a potion of berserk rage {unknown}
 l - a potion of haste {unknown}
 m - a potion of decay {unknown}
 n - a potion of invisibility {unknown}
 p - 2 potions of curing
 t - a potion of restore abilities {unknown}
 w - 2 potions of cure mutation {unknown}
 x - 2 potions of degeneration {unknown}
Books
 c - a book of Maledictions

   Spells                             Type                      Level
   *Corona                            Hexes                        1
   Sure Blade                         Hexes/Charms                 2
   Ensorcelled Hibernation            Hexes/Ice                    2
   *Confuse                           Hexes                        3
   Dazzling Spray                     Conjuration/Hexes            3
   *Enslavement                       Hexes                        4
 A - a book of Conjurations

   Spells                             Type                      Level
   Magic Dart                         Conjuration                  1
   Searing Ray                        Conjuration                  2
   Dazzling Spray                     Conjuration/Hexes            3
   Fulminant Prism                    Conjuration/Hexes            4
   Iskenderun's Mystic Blast          Conjuration                  4
   Iskenderun's Battlesphere          Conjuration/Charms           5


   Skills:
 * Level 3.1 Short Blades
 * Level 5.3 Dodging
 - Level 4.0 Stealth
 * Level 6.7 Spellcasting
 * Level 7.8 Hexes


You had 13 spell levels left.
You knew the following spells:

 Your Spells              Type           Power        Failure   Level  Hunger
a - Corona                Hex            ####...      1%          1    None
b - Confuse               Hex            ####....     1%          3    ###....
c - Enslavement           Hex            ####....     8%          4    ####...


Dungeon Overview and Level Annotations

Branches:
Dungeon (6/15)
 Temple: D:4-7

Altars:
Dithmenos
Makhleb
Trog
Yredelemnul
The Shining One

Annotations:
D:3 MBison's ghost, average HETm


Innate Abilities, Weirdness & Mutations

You are small and have problems with some larger weapons.
You are carnivorous and can eat meat at any time.


Message History

The sky beast hits you. The sky beast shocks you.
* * * LOW HITPOINT WARNING * * *
You hit the sky beast but do no damage.
The sky beast is almost dead.
The sky beast hits you.
* * * LOW HITPOINT WARNING * * *
The sky beast shocks you.
* * * LOW HITPOINT WARNING * * *
You barely miss the sky beast.
The sky beast is almost dead.
The sky beast stops glowing and disappears.
Something hits you but does no damage.
Deactivating autopickup; reactivate with Ctrl-A.
You barely miss something.
The orc wizard mumbles some strange words.
The orc wizard blinks!
Something hits you but does no damage.
You hit something but do no damage. Something hits you.
* * * LOW HITPOINT WARNING * * *
Something shocks you.
You die...

##..## #....# #....#
#....###### #.........#####
#...(......%).# ##
#....##..(###.#####....
#....#.)#####.(........
#.....@## #>.#..o.....
#########..#.######......_....
#.................)...........
#.#########o#######o#.......#.
#.# #######.# #.....####.#
#.###.......# #....##......#
#..##.......# #.##.. .......
##..#.......####. ..........#
##............. ............


You could see an orc wizard.

Vanquished Creatures
  Prince Ribbit (D:5)
  4 killer bees (D:5)
  2 ogres
  An orc warrior (D:5)
  An ice beast (D:6)
  3 centaurs
  A phantom (D:5)
  Sigmund (D:5)
  A goliath beetle (D:6)
  A giant frog zombie (D:6)
  An orc wizard (D:4)
  2 jellies
  2 hounds
  2 iguanas
  4 worker ants
  Ijyb (D:5)
  7 adders
  A giant mite (D:5)
  A worm (D:2)
  4 giant geckos
  An ooze (D:2)
  8 orcs
  2 ball pythons
  7 giant cockroaches
  13 hobgoblins
  8 jackals
  9 kobolds
  6 quokkas
  15 bats
  5 giant newts
  13 goblins
  A goblin skeleton (D:4)
  A jackal skeleton (D:5)
  An orc zombie (D:5)
  11 rats
  A rat skeleton (D:4)
  A spectral orc (D:2)
144 creatures vanquished.

Vanquished Creatures (collateral kills)
  2 killer bees (D:5)
  5 orcs (D:5)
7 creatures vanquished.

Grand Total: 151 creatures vanquished

Notes
Turn   | Place    | Note
--------------------------------------------------------------
     0 | D:1      | Chiseanne, the Kobold Enchanter, began the quest for the Orb.
     0 | D:1      | Reached XP level 1. HP: 10/10 MP: 3/3
     6 | D:1      | Noticed a black mamba
     6 | D:1      | Noticed a swamp drake
     6 | D:1      | Noticed a worker ant
     6 | D:1      | Noticed a black bear
     6 | D:1      | Noticed a wolf
   194 | D:1      | Reached XP level 2. HP: 10/15 MP: 2/4
   877 | D:1      | Reached XP level 3. HP: 19/19 MP: 6/6
  1757 | D:2      | Found a basalt altar of Yredelemnul.
  1822 | D:2      | Reached XP level 4. HP: 17/24 MP: 7/9
  2286 | D:2      | Found a basalt altar of Yredelemnul.
  2413 | D:3      | Found a shadowy altar of Dithmenos.
  2414 | D:3      | Noticed MBison's ghost (average HETm)
  3003 | D:3      | Found a bloodstained altar of Trog.
  3146 | D:4      | Reached XP level 5. HP: 28/28 MP: 9/11
  3735 | D:4      | Reached XP level 6. HP: 19/32 MP: 13/15
  3874 | D:4      | Noticed a centaur
  3879 | D:4      | Killed a centaur
  3879 | D:4      | Reached skill level 5 in Hexes
  4156 | D:4      | Found a glowing golden altar of the Shining One.
  4250 | D:5      | Entered Level 5 of the Dungeon
  4270 | D:5      | Noticed Prince Ribbit
  4298 | D:5      | Noticed Ijyb
  4313 | D:5      | Killed Ijyb
  4344 | D:5      | Reached XP level 7. HP: 34/36 MP: 15/17
  4377 | D:5      | Killed Prince Ribbit
  4377 | D:5      | Reached skill level 5 in Spellcasting
  4377 | D:5      | Reached skill level 6 in Hexes
  4382 | D:5      | Learned a level 3 spell: Confuse
  4387 | D:5      | Learned a level 4 spell: Enslavement
  4614 | D:5      | Found a glowing golden altar of the Shining One.
  4629 | D:5      | Reached XP level 8. HP: 30/41 MP: 18/20
  4741 | D:5      | Became a worshipper of the Shining One
  5075 | D:5      | Noticed an orc warrior
  5187 | D:5      | Noticed Sigmund
  5196 | D:5      | Killed Sigmund
  5196 | D:5      | Reached skill level 7 in Hexes
  5808 | D:5      | Killed an orc warrior
  6382 | D:6      | Reached XP level 9. HP: 45/45 MP: 21/23
  6470 | D:6      | Found a burning altar of Makhleb.
  6478 | D:6      | Reached skill level 5 in Dodging
  6904 | D:6      | HP: 1/45 [orc wizard/magic dart (2)]
  7128 | D:6      | Slain by a sky beast

Action                   |  1- 3 |  4- 6 |  7- 9 || total
-------------------------+-------+-------+-------++-------
Melee: Dagger            |    99 |       |       ||    99
       Short sword       |     6 |   146 |   204 ||   356
Throw: Tomahawk          |       |    10 |     7 ||    17
 Cast: Corona            |    34 |    55 |    73 ||   162
       Confuse           |       |       |     8 ||     8
       Enslavement       |       |       |     8 ||     8
Evoke: Wand              |       |     5 |     1 ||     6
  Use: Scroll            |     8 |     3 |     4 ||    15
       Potion            |       |     1 |     6 ||     7
 Stab: Sleeping          |     2 |     6 |     2 ||    10
       Confused          |       |       |     4 ||     4
  Eat: Chunk             |    12 |     7 |    11 ||    30
